 Seeded DCSS version 0.29.1-15-g9cfb28693d (webtiles) character file.

Game seed: 1 (custom seed)

4026 Kazon the Carver (level 10, -2/79 HPs)
             Began as a Barachi Fighter on Apr 6, 2023.
             Was a Believer of Okawaru.
             Slain by a wyvern (7 damage)
             ... on level 7 of the Dungeon on Apr 10, 2023.
             The game lasted 00:28:16 (5920 turns).

Kazon the Carver (Barachi Fighter)                  Turns: 5920, Time: 00:28:16

Health: -2/79      AC: 13    Str: 19    XL:     10   Next: 24%
Magic:  11/11      EV: 13    Int: 10    God:    Okawaru [**....]
Gold:   494        SH:  5    Dex: 13    Spells: 9/9 levels left

rFire   . . .      SeeInvis +   e - +2 dagger (venom)
rCold   + + .      Faith    .   c - +0 buckler
rNeg    + . .      Spirit   .   A - +3 leather armour {rC+}
rPois   .          Reflect  .   f - +2 helmet {SInv}
rElec   .          Harm     .   (no cloak)
rCorr   .          Rampage  .   (no gloves)
Will    .....                   l - +2 pair of boots
Stlth   ++........              g - amulet of the acrobat
HPRegen 0.23/turn               r - ring of positive energy
MPRegen 0.12/turn               B - ring of protection from cold

@: slow
A: amphibious, slowness 1, strong legs 1, +LOS
a: Hop, Renounce Religion, Heroism


You were on level 7 of the Dungeon.
You worshipped Okawaru.
Okawaru was pleased with you.
You visited 2 branches of the dungeon, and saw 8 of its levels.

You collected 494 gold pieces.

Inventory:

Hand Weapons
 e - a +2 dagger of venom (weapon)
 u - a +1 long sword of protection
Missiles
 a - 8 poisoned darts
 j - 27 stones (quivered)
 o - 11 boomerangs
 C - 3 curare-tipped darts
Armour
 c - a +0 buckler (worn)
 f - a +2 helmet of see invisible (worn)
 l - a +2 pair of boots (worn)
 A - a +3 leather armour of cold resistance (worn)
Jewellery
 g - an amulet of the acrobat (around neck)
 r - a ring of positive energy (left hand)
 B - a ring of protection from cold (right hand)
Wands
 y - a wand of mindburst (13)
 z - a wand of flame (11)
 G - a wand of paralysis (10)
Scrolls
 i - 11 scrolls of identify
 n - 2 scrolls of immolation {unknown}
 p - a scroll of poison {unknown}
 q - 2 scrolls of fog {unknown}
 s - a scroll of teleportation {unknown}
 v - 2 scrolls of noise {unknown}
 x - a scroll of magic mapping {unknown}
 D - 2 scrolls of enchant weapon {unknown}
 E - a scroll of fear {unknown}
Potions
 b - 4 potions of berserk rage {unknown}
 d - 2 potions of might
 h - 2 potions of flight
 k - a potion of attraction {unknown}
 m - 2 potions of cancellation
 t - 2 potions of haste {unknown}
 w - 4 potions of lignification {unknown}


   Skills:
 + Level 7.0 Fighting
 + Level 5.3(7.4) Short Blades
 + Level 8.8(9.6) Long Blades
 + Level 4.7 Throwing
 + Level 8.2 Armour
 + Level 6.0 Dodging
 + Level 4.6 Stealth
 + Level 6.8 Shields
 * Level 2.4 Invocations
 * Level 3.3 Evocations


You had 9 spell levels left.
You didn't know any spells.
Your spell library contained the following spells:

 Spells                   Type           Power      Damage    Failure   Level
 Apportation              Tloc           0%         N/A       50%         1
 Necrotise                Necr           0%         1d4       50%         1
 Sting                    Tmut/Pois      0%         1d3       50%         1
 Poisonous Vapours        Pois/Air       0%         N/A       63%         2
 Olgreb's Toxic Radiance  Pois           0%         N/A       99%         4
 Fireball                 Conj/Fire      0%         3d3       100%        5
 Iskenderun's Battlesphe  Conj           0%         2d6       100%        5
 Conjure Ball Lightning   Conj/Air       0%         3x3d6     100%        6
 Orb of Destruction       Conj           0%         9d5       100%        7
 Summon Small Mammal      Summ           Unusable   N/A       N/A         1

Dungeon Overview and Level Annotations

Branches:
Dungeon (7/15)             Temple (1/1) D:7

Altars:
Ashenzari
Dithmenos
Fedhas
Gozag
Hepliaklqana
Makhleb
Nemelex Xobeh
Okawaru
Qazlal
Uskayaw
Xom

Shops:
D:3 (


Innate Abilities, Weirdness & Mutations

You are amphibious.
You cover ground slowly.
You can hop short distances.
You have an extended range of vision and can be seen from far away.


Message History

Things that are here:
a +0 club; a gnoll corpse
Things that are here:
a +4 flail; a gnoll corpse
Things that are here:
a +0 whip; a +0 robe; a gnoll corpse You see here a +0 halberd.
Things that are here:
a +0 spear; a gnoll corpse
Things that are here:
a +0 halberd; a gnoll corpse You now have 494 gold pieces (gained 16).
A wyvern comes into view.
Found a hand axe.
Your +1 long sword of protection goes still.
Your +2 dagger of venom begins to drip with poison!
e - a +2 dagger of venom (weapon)
A sky beast comes into view.
A quokka comes into view.
The wyvern hisses angrily.
You block the wyvern's attack.
You hit the wyvern but do no damage.
The wyvern is poisoned.
You are ready to hop once more.
The wyvern bites you.
* * * LOW HITPOINT WARNING * * *
You hit the wyvern.
The wyvern looks as sick as possible!
The wyvern is lightly wounded.
You block the wyvern's attack.
You hit the wyvern but do no damage.
The wyvern looks as sick as possible!
The wyvern is lightly wounded.
The wyvern bites you!
* * * LOW HITPOINT WARNING * * *
You hit the wyvern.
The wyvern is lightly wounded.
The wyvern bites you!
* * * LOW HITPOINT WARNING * * *
The wyvern completely misses you.
You hit the wyvern.
The wyvern looks as sick as possible!
The wyvern is moderately wounded.
The wyvern bites you!
You die...

..........##.#..# . ...
..........##....###### ##..
#####...#..#.........###
#..
####...##.........#...^.
..###..##....#...##...# #
..#...###..#.#.......##.#.#
.......#####....###.#.....#
#.#....# ####.###....Y..#
####.### #..@#....##.r ###
##.#l...).....
####......... #.#......#
###......# ...##.# .## . ##


You could see a wyvern (extremely poisoned).

Vanquished Creatures
  Maggie (D:6)
  A yak (D:6)
  Eustachio (D:5)
  A steam dragon (D:7)
  Menkaure (D:5)
  Edmund (D:6)
  2 water moccasins
  2 orc warriors (D:6)
  3 sky beasts
  2 black bears (D:6)
  4 centaurs
  An ogre (D:6)
  2 phantoms (D:6)
  2 kobold brigands
  3 necrophages
  A bullfrog (Temple)
  5 scorpions
  A howler monkey (D:5)
  2 jellies (D:6)
  A hound (D:4)
  5 orc priests
  A gnoll bouda (D:7)
  6 iguanas
  Robin (D:3)
  11 gnolls
  13 adders
  3 shadow imps
  A white imp (D:7)
  An ufetubus (D:5)
  3 worms
  20 orcs
  11 endoplasms
  A giant cockroach (D:1)
  16 goblins
  9 hobgoblins
  A jackal (D:4)
  17 kobolds
  A quokka (D:1)
  5 ball pythons
  4 bats
  3 frilled lizards
  6 rats
176 creatures vanquished.

Notes
Turn   | Place    | Note
-------+----------+-------------------------------------------
     0 | D:1      | Kazon the Barachi Fighter began the quest for the Orb.
     0 | D:1      | Reached XP level 1. HP: 18/18 MP: 1/1
    99 | D:1      | Identified a scroll of acquirement
    99 | D:1      | Acquired a +2 helmet of see invisible
   183 | D:1      | Reached XP level 2. HP: 25/25 MP: 2/2
   621 | D:2      | Reached XP level 3. HP: 17/30 MP: 3/3
  1340 | D:2      | Reached XP level 4. HP: 37/37 MP: 4/4
  1392 | D:2      | Reached skill level 1 in Dodging
  1624 | D:3      | Found Umat's Antique Weapon Boutique.
  1848 | D:3      | Noticed Robin
  1862 | D:3      | Killed Robin
  1863 | D:3      | Reached XP level 5. HP: 35/41 MP: 5/5
  1901 | D:3      | Reached skill level 5 in Armour
  2113 | D:3      | Reached XP level 6. HP: 53/53 MP: 6/6
  2366 | D:4      | Reached XP level 7. HP: 59/59 MP: 7/7
  2723 | D:4      | Reached skill level 5 in Dodging
  2776 | D:4      | Found a hazy altar of Hepliaklqana.
  3164 | D:5      | Entered Level 5 of the Dungeon
  3185 | D:5      | Reached skill level 5 in Short Blades
  3241 | D:5      | Noticed Eustachio
  3292 | D:5      | Killed Eustachio
  3293 | D:5      | Reached XP level 8. HP: 33/65 MP: 8/8
  3338 | D:5      | Reached skill level 1 in Evocations
  3489 | D:5      | Noticed Menkaure
  3495 | D:5      | Killed Menkaure
  4026 | D:6      | Reached XP level 9. HP: 22/71 MP: 9/9
  4179 | D:7      | Found a staircase to the Ecumenical Temple.
  4193 | Temple   | Entered the Ecumenical Temple
  4209 | Temple   | Became a worshipper of Warmaster Okawaru
  4307 | D:7      | Found a hide-covered altar of Uskayaw.
  4753 | D:6      | Reached * piety under Okawaru
  4754 | D:6      | Reached skill level 1 in Invocations
  4939 | D:6      | Noticed Edmund
  5025 | D:6      | Killed Edmund
  5323 | D:6      | Reached XP level 10. HP: 75/77 MP: 11/11
  5366 | D:6      | Reached ** piety under Okawaru
  5447 | D:6      | Noticed Maggie
  5454 | D:6      | Killed Maggie
  5920 | D:7      | Slain by a wyvern

Illustrated notes

Levels and vault maps discovered:
D:1:      dpeg_arrival_three_smaller_balls, layout_basic
D:2:      layout_loops_ring
D:3:      layout_basic, serial_shops, nicolae_shop_stone, st_stairs_9,
          minmay_misc_feat_doors, eino_curves_03, uniq_robin
D:4:      minmay_wonky_spiral, layout_basic,
          mainiacjoe_overflow_surrounded_room, minivault_5
D:5:      layout_cave_pods, uniq_menkaure, uniq_eustachio
D:6:      cheibrodos_barr_body, layout_basic, minmay_crystal_room,
          minmay_pentangle, uniq_maggie, uniq_edmund
D:7:      layout_cave_pools, nicolae_uskayaw_murder_on_the_dancefloor,
          elyvilon_altar_4, minmay_temple_entry_purple_smoke
Temple:   nicolae_temple_bog_church

Skill      XL: |  1  2  3  4  5  6  7  8  9 10 |
---------------+-------------------------------+-----
Armour         | 4 7 8 |  8.2
Fighting       | 4 6 7 |  7.0
Long Blades    | 3 4 6 7 8 |  8.8
Dodging        | 1 4 5 6 |  6.0
Short Blades   | 4 5 |  5.3
Throwing       | 4 |  4.7
Stealth        | 4 |  4.6
Shields        | 6 |  6.8
Evocations     | 1 2 3 |  3.3
Invocations    | 1 2 |  2.4

Action                   |  1- 3 |  4- 6 |  7- 9 | 10-12 || total
-------------------------+-------+-------+-------+-------++-------
Melee: Long sword        |   100 |       |   223 |    96 ||   419
       Dagger            |     9 |   110 |   204 |    40 ||   363
Throw: Stone             |     6 |    19 |    38 |     9 ||    72
       Boomerang         |       |       |     9 |       ||     9
Invok: Heroism           |       |       |     1 |     2 ||     3
 Abil: Hop               |       |       |       |     1 ||     1
Evoke: Wand              |       |       |     7 |       ||     7
  Use: Scroll            |     1 |       |     3 |       ||     4
       Potion            |       |     1 |     6 |       ||     7
 Stab: Sleeping          |       |       |     4 |     3 ||     7
Armor: Scale mail        |    52 |    30 |    61 |       ||   143
       Leather armour    |       |       |   135 |    43 ||   178
Dodge: Dodged            |    25 |    66 |   311 |   108 ||   510
Block: Buckler           |    20 |    19 |   110 |    61 ||   210
